 Dungeon Crawl Stone Soup version 0.19-b1-4-gd8a0a2a (webtiles) character file.

7304 PhynixH2O the Blocker (level 10, -6/102 HPs)
             Began as a Troll Fighter on Oct 31, 2016.
             Was an Elder of the Shining One.
             Mangled by a wyvern (18 damage)
             ... on level 10 of the Dungeon.
             The game lasted 00:43:51 (9717 turns).

PhynixH2O the Blocker (Troll Fighter)               Turns: 9717, Time: 00:43:51

Health: -6/102     AC:  7    Str: 29    XL:     10   Next: 90%
Magic:  4/9        EV:  9    Int:  8    God:    the Shining One [****..]
Gold:   406        SH: 24    Dex:  9    Spells: 0 memorised, 9 levels left

rFire  . . .     SeeInvis .     K - +2 mace
rCold  . . .     Gourm    +     I - +1 robe {rN+}
rNeg   + + +     Faith    .     H - +0 large shield
rPois  .         Spirit   .     (helmet restricted)
rElec  .         Reflect  .     e - +0 cloak
rCorr  .         Harm     .     (gloves unavailable)
MR     .....                    (boots unavailable)
Stlth  +.........               (no amulet)
                                F - +4 ring of intelligence
                                t - ring of positive energy

@: divine shield, very slightly contaminated, hasted, glowing, very quick
A: unfitting armour, claws 3, fast metabolism 3, gourmand, regeneration 1,
shaggy fur 1, tough skin 2
a: Divine Shield, Cleansing Flame, Renounce Religion


You were on level 10 of the Dungeon.
You worshipped the Shining One.
The Shining One was greatly pleased with you.
You were very full.

You visited 2 branches of the dungeon, and saw 11 of its levels.

You collected 406 gold pieces.

Inventory:

Hand Weapons
 K - a +2 mace (weapon)
Armour
 e - a +0 cloak (worn)
 H - a +0 large shield (worn)
 I - a +1 robe of positive energy (worn)
Jewellery
 t - a ring of positive energy (left claw)
 F - a +4 ring of intelligence (right claw)
Wands
 a - a wand of flame (28/48)
 B - a wand of polymorph (12/24)
 M - a wand of lightning (3/15)
Scrolls
 h - 3 scrolls of identify
 j - 3 scrolls of enchant armour {unknown}
 k - 3 scrolls of blinking {unknown}
 l - 3 scrolls of teleportation {unknown}
 n - 5 scrolls of magic mapping {unknown}
 o - 3 scrolls of fear {unknown}
 p - 6 scrolls of remove curse {unknown}
 r - 5 scrolls of amnesia {unknown}
 s - 2 scrolls of fog {unknown}
 u - 2 scrolls of noise {unknown}
 v - a scroll of recharging {unknown}
 y - a scroll of enchant weapon {unknown}
 z - 2 scrolls of immolation {unknown}
 A - a scroll of random uselessness {unknown}
Potions
 c - 2 potions of degeneration {unknown}
 d - 2 potions of might
 g - a potion of lignification {unknown}
 i - 2 potions of flight {unknown}
 m - 4 potions of curing {unknown}
 q - 3 potions of cure mutation {unknown}
 C - 2 potions of brilliance {unknown}
 D - 2 potions of cancellation {unknown}
 J - a potion of berserk rage {unknown}
 N - a potion of mutation {unknown}
Comestibles
 b - 17 chunks of flesh
 f - 10 bread rations
 w - 3 beef jerkies
 E - 4 fruits
 G - 10 slices of pizza
 L - 4 meat rations


   Skills:
 + Level 7.6 Fighting
 + Level 7.8 Maces & Flails
 - Level 4.6 Armour
 - Level 4.4 Dodging
 * Level 8.4 Shields


You had 9 spell levels left.
You didn't know any spells.

Dungeon Overview and Level Annotations

Branches:
Dungeon (10/15)            Temple (1/1) D:4            Lair (0/6) D:9
    Orc (0/2) D:10

Altars:
Ashenzari
Cheibriados
Dithmenos
Elyvilon
Fedhas
Gozag
Hepliaklqana
Kikubaaqudgha
Makhleb
Nemelex Xobeh
Okawaru
Qazlal
Ru
Sif Muna
Trog
Uskayaw
Vehumet
Xom
Yredelemnul
Zin
The Shining One


Innate Abilities, Weirdness & Mutations

You are too large for most types of armour.
You have claws for hands.
Your metabolism is lightning-fast.
You like to eat raw meat.
Your natural rate of healing is unusually fast.
You are covered in fur. (AC +1)
You have very tough skin. (AC +2)


Message History

The wyvern bites you.
* * * LOW HITPOINT WARNING * * *
Okay, then.
You feel yourself speed up. You block the wyvern's attack.
You block the orc's attack.
You are very lightly contaminated with residual magic.
The orc priest invokes the aid of Beogh against you.
Beogh smites you!
* * * LOW HITPOINT WARNING * * *
The orc priest complains loudly.
Items here: ))) ÷ a war axe x2; a dagger; an orc skeleton
Items here: )))))) [[[[ ÷
There is an open door here.
Your divine shield is renewed.
You feel slightly less full. You block the wyvern's attack.
You hit the wyvern.
The wyvern is moderately wounded.
The wyvern bites you!!
You die...

#.P.P.)##.###### #.#
#......##.# #.# ..#######.#
#.# ..# ##'## ##.########
..# ##...## #.........# ..#
##.....## #..######.# #.#
##.......## #.....# #.#
#.###.........####...#.# #.#
#...+.........'l@......###.#
..###.........####....#....#
############.## ##..###.###
...........#.# ##..#.##
...[....#..#.# #.#.##
......o.#..#)# #.###
...)...o.o.o.# #.#
##.......o.### #.#
.....[.....# #.#


You could see a wyvern.

Vanquished Creatures
  An unseen horror (D:10)
  Grinder (D:6)
  A hippogriff (D:10)
  5 yaks (D:10)
  A hungry ghost (D:9)
  A water moccasin (D:9)
  3 wargs (D:9)
  2 black bears
  5 orc warriors
  An eye of draining (D:10)
  2 ice beasts
  A sky beast (D:10)
  6 ogres
  4 centaurs
  3 big kobolds
  Blork the orc (D:6)
  10 bullfrogs
  A wyvern skeleton (D:6)
  3 scorpions
  4 wights (D:7)
  4 howler monkeys (D:9)
  7 crimson imps
  2 bullfrog zombies
  7 hounds
  A quasit (D:6)
  3 jellies
  9 orc priests
  2 bullfrog skeletons
  9 orc wizards
  2 centaur skeletons
  Terence (D:3)
  7 worker ants
  Ijyb (D:3)
  3 iguanas
  2 hound zombies
  2 hound skeletons
  A worker ant zombie (D:5)
  Robin (D:4)
  5 adders
  4 gnolls (D:9)
  A shadow imp (D:9)
  An adder skeleton (D:5)
  3 worms (D:2)
  3 dart slugs
  5 leopard geckos
  42 orcs
  A ball python (D:2)
  8 giant cockroaches
  12 goblins
  9 hobgoblins
  12 jackals
  7 quokkas
  A bat (D:2)
  5 frilled lizards
  19 kobolds
  2 leopard gecko skeletons
  2 quokka skeletons (D:5)
  4 rats
266 creatures vanquished.

Notes
Turn   | Place    | Note
-------+----------+-------------------------------------------
     0 | D:1      | PhynixH2O the Troll Fighter began the quest for the Orb.
     0 | D:1      | Reached XP level 1. HP: 22/22 MP: 0/0
   135 | D:1      | Reached XP level 2. HP: 29/29 MP: 1/1
   814 | D:2      | Reached XP level 3. HP: 36/36 MP: 2/2
  1240 | D:2      | Found a shadowy altar of Dithmenos.
  1614 | D:2      | Found an ancient bone altar of Kikubaaqudgha.
  1732 | D:3      | Noticed Ijyb
  1748 | D:3      | Killed Ijyb
  1748 | D:3      | Reached XP level 4. HP: 43/45 MP: 3/3
  1775 | D:3      | Noticed Terence
  1804 | D:3      | Killed Terence
  2157 | D:3      | Reached skill level 1 in Armour
  2212 | D:3      | Reached XP level 5. HP: 53/53 MP: 4/4
  2647 | D:4      | Noticed Robin
  2691 | D:4      | Killed Robin
  2773 | D:4      | Found a staircase to the Ecumenical Temple.
  2867 | D:4      | Found a deep blue altar of Sif Muna.
  3050 | Temple   | Entered the Ecumenical Temple
  3059 | Temple   | Became a worshipper of the Shining One
  3086 | D:5      | Entered Level 5 of the Dungeon
  3223 | D:5      | Noticed an ogre
  3252 | D:6      | Found a blossoming altar of Fedhas.
  3302 | D:6      | Noticed an ogre
  3333 | D:6      | Reached XP level 6. HP: 62/62 MP: 5/5
  3582 | D:5      | Reached XP level 7. HP: 63/71 MP: 6/6
  3635 | D:5      | Found a bloodstained altar of Trog.
  3660 | D:5      | Reached * piety under the Shining One
  3798 | D:5      | Found a glowing silver altar of Zin.
  3843 | D:5      | Found an iron altar of Okawaru.
  4510 | D:6      | Reached skill level 5 in Fighting
  4510 | D:6      | Reached XP level 8. HP: 80/80 MP: 7/7
  4541 | D:6      | Found a sparkling altar of Nemelex Xobeh.
  4605 | D:6      | Noticed Grinder
  4636 | D:6      | Paralysed by Grinder for 6 turns
  4648 | D:6      | Killed Grinder
  4648 | D:6      | Reached skill level 5 in Maces & Flails
  5064 | D:6      | Noticed Blork the orc
  5069 | D:6      | Killed Blork the orc
  5069 | D:6      | Reached skill level 3 in Shields
  5215 | D:6      | Reached ** piety under the Shining One
  5596 | D:7      | Reached skill level 4 in Shields
  5880 | D:7      | Reached XP level 9. HP: 89/89 MP: 8/8
  6379 | D:8      | Reached skill level 5 in Shields
  6481 | D:8      | Noticed a hill giant
  6482 | D:8      | Noticed a five-headed hydra
  6967 | D:8      | Found a radiant altar of Vehumet.
  7453 | D:9      | Found a shimmering altar of Xom.
  7453 | D:9      | Found a shimmering altar of Xom.
  7482 | D:9      | Reached *** piety under the Shining One
  7494 | D:9      | Found a shimmering altar of Xom.
  7494 | D:9      | Found a shimmering altar of Xom.
  7498 | D:9      | Found a shimmering altar of Xom.
  7499 | D:9      | Found a shimmering altar of Xom.
  7501 | D:9      | Found a shimmering altar of Xom.
  7501 | D:9      | Found a shimmering altar of Xom.
  7502 | D:9      | Found a shimmering altar of Xom.
  7549 | D:9      | Reached skill level 6 in Shields
  7660 | D:9      | Found a staircase to the Lair.
  7696 | D:9      | Found an opulent altar of Gozag.
  7805 | D:9      | Reached XP level 10. HP: 100/100 MP: 9/9
  8314 | D:9      | Reached skill level 7 in Shields
  8375 | D:9      | Noticed an orb spider
  8380 | D:9      | Noticed a death drake
  8505 | D:9      | Noticed a mana viper
  8639 | D:9      | Found a sacrificial altar of Ru.
  8694 | D:10     | Entered Level 10 of the Dungeon
  8781 | D:10     | Noticed an unseen horror
  8817 | D:10     | Killed an unseen horror
  9176 | D:10     | Got a smoking robe
  9417 | D:10     | Found a blossoming altar of Fedhas.
  9435 | D:10     | Reached skill level 8 in Shields
  9462 | D:10     | Reached **** piety under the Shining One
  9678 | D:10     | Found a staircase to the Orcish Mines.
  9717 | D:10     | Mangled by a wyvern

Skill      XL: |  1  2  3  4  5  6  7  8  9 10 |
---------------+-------------------------------+-----
Maces & Flails | 2 3 4 5 6 7 |  7.8
Fighting       | 3 4 5 6 7 |  7.6
Armour         | 1 2 3 4 |  4.6
Dodging        | 3 4 |  4.4
Shields        | 4 6 8 |  8.4

Action                   |  1- 3 |  4- 6 |  7- 9 | 10-12 || total
-------------------------+-------+-------+-------+-------++-------
Melee: Flail             |   161 |   192 |   194 |       ||   547
       Mace              |       |       |   317 |   347 ||   664
Invok: Divine Shield     |       |       |     1 |     4 ||     5
  Use: Scroll            |       |       |       |     3 ||     3
       Potion            |       |       |       |     1 ||     1
  Eat: Chunk             |    22 |    18 |    40 |    27 ||   107
Armor: Robe              |    80 |    55 |   128 |    40 ||   303
Dodge: Dodged            |    66 |    49 |   135 |    73 ||   323
Block: Shield            |    84 |    82 |    27 |       ||   193
       Large shield      |       |       |   391 |   304 ||   695
